| TOP OF THE 1ST |
|
Baltimore (APP) Orioles batting - Pitching for Detroit (APP) Tigers : RHP Dave Valdez
|
|
Pitching: RHP Dave Valdez
|
|
|
Batting: LHB Eric Jackson
|
0-0: Ball 1-0: Ball 2-0: Ball 3-0: Called Strike 3-1: Ground out 6-3 (Groundball, 6, EV 87.5 MPH)
|
|
Batting: RHB Mike Zepeda
|
0-0: Called Strike 0-1: Foul Ball, location: 2F 0-2: Ball 1-2: Ball 2-2: Fly out, F4 (Popup, 4, EV 71.3 MPH)
|
|
Batting: RHB Jeremy Sipe
|
0-0: Ball 1-0: SINGLE (Line Drive, 7LS, EV 112.5 MPH)
|
|
Batting: LHB Bill Ostlund
|
0-0: Called Strike 0-1: Ball 1-1: Ball Jeremy Sipe is caught stealing 2nd base 2-6
|
| Top of the 1st over - 0 runs, 1 hit, 0 errors, 0 left on base; Baltimore (APP) 0 - Detroit (APP) 0 |
| BOTTOM OF THE 1ST |
|
Detroit (APP) Tigers batting - Pitching for Baltimore (APP) Orioles : RHP Jonathan Spicer
|
|
Pitching: RHP Jonathan Spicer
|
|
|
Batting: LHB Bill Ford
|
0-0: Ball 1-0: Foul Ball, location: 2F 1-1: SINGLE (Line Drive, 78S, EV 105.0 MPH)
|
|
Batting: RHB Jon Goldstein
|
0-0: Swinging Strike 0-1: Grounds into double play, 5-4-3 (Groundball, 5L, EV 86.9 MPH)
|
|
Batting: SHB Sean Foley
|
0-0: Ball 1-0: Ball 2-0: Ball 3-0: Called Strike 3-1: Base on Balls
|
|
Batting: SHB Ross Holland
|
0-0: Ball 1-0: Fly out, F8 (Flyball, 8RM, EV 83.1 MPH)
|
| Bottom of the 1st over - 0 runs, 1 hit, 0 errors, 1 left on base; Baltimore (APP) 0 - Detroit (APP) 0 |
| TOP OF THE 2ND |
|
Baltimore (APP) Orioles batting - Pitching for Detroit (APP) Tigers : RHP Dave Valdez
|
|
Batting: LHB Bill Ostlund
|
0-0: Called Strike 0-1: Foul Ball, location: 2F 0-2: Ball 1-2: Ball 2-2: Ball 3-2: Foul Ball, location: 2F 3-2: Ground out U3 (Groundball, 3S, EV 88.8 MPH)
|
|
Batting: RHB J.J. Basil
|
0-0: Ball 1-0: Foul Ball, location: 2F 1-1: Swinging Strike 1-2: Strikes out swinging
|
|
Batting: LHB Rodolfo Montes
|
0-0: Ball 1-0: Ball 2-0: Foul Ball, location: 2F 2-1: SINGLE (Groundball, 4MD, EV 99.4 MPH)
|
|
Batting: RHB Fernando Bravo
|
0-0: Ball 1-0: Foul Ball, location: 2F 1-1: Ground out 1-3 (Groundball, P, EV 67.5 MPH)
|
| Top of the 2nd over - 0 runs, 1 hit, 0 errors, 1 left on base; Baltimore (APP) 0 - Detroit (APP) 0 |
| BOTTOM OF THE 2ND |
|
Detroit (APP) Tigers batting - Pitching for Baltimore (APP) Orioles : RHP Jonathan Spicer
|
|
Batting: RHB Adam MacConnell
|
0-0: Ball 1-0: Swinging Strike 1-1: Foul Ball, location: 2F 1-2: Strikes out swinging
|
|
Batting: RHB Mike Sebastian
|
0-0: Foul Ball, location: 2F 0-1: Swinging Strike 0-2: Strikes out looking
|
|
Batting: LHB Jon Pedlar
|
0-0: Fly out, F7 (Flyball, 78D, EV 102.5 MPH)
|
| Bottom of the 2nd over - 0 runs, 0 hits, 0 errors, 0 left on base; Baltimore (APP) 0 - Detroit (APP) 0 |
| TOP OF THE 3RD |
|
Baltimore (APP) Orioles batting - Pitching for Detroit (APP) Tigers : RHP Dave Valdez
|
|
Batting: LHB Tomas de Zeeuw
|
0-0: Foul Ball, location: 2F 0-1: Foul Ball, location: 2F 0-2: Strikes out swinging
|
|
Batting: RHB Ioan Biros
|
0-0: Ball 1-0: Ground out 6-3 (Groundball, 6, EV 81.3 MPH)
|
|
Batting: LHB Eric Jackson
|
0-0: Ball 1-0: Foul Ball, location: 2F 1-1: Foul Ball, location: 2F 1-2: Fly out, F8 (Flyball, 8RS, EV 98.1 MPH)
|
| Top of the 3rd over - 0 runs, 0 hits, 0 errors, 0 left on base; Baltimore (APP) 0 - Detroit (APP) 0 |
| BOTTOM OF THE 3RD |
|
Detroit (APP) Tigers batting - Pitching for Baltimore (APP) Orioles : RHP Jonathan Spicer
|
|
Batting: RHB Jamie Villagrana
|
0-0: Called Strike 0-1: Ball 1-1: Swinging Strike 1-2: Foul Ball, location: 2F 1-2: Strikes out swinging
|
|
Batting: LHB Tokugoro Adachi
|
0-0: Foul Ball, location: 2F 0-1: Foul Ball, location: 2F 0-2: Foul Ball, location: 2F 0-2: SOLO HOME RUN (Flyball, 9D, EV 100.0 MPH), Distance : 381 ft
|
|
Batting: LHB Bill Ford
|
0-0: Ball 1-0: Swinging Strike 1-1: Ball 2-1: Fly out, F8 (Flyball, 89D, EV 102.5 MPH)
|
|
Batting: RHB Jon Goldstein
|
0-0: Foul Ball, location: 2F 0-1: Ball 1-1: Ball 2-1: Ball 3-1: Called Strike 3-2: DOUBLE (Line Drive, 7LM, EV 92.5 MPH)
|
|
Batting: SHB Sean Foley
|
0-0: Ground out 6-3 (Groundball, 6, EV 101.3 MPH)
|
| Bottom of the 3rd over - 1 run, 2 hits, 0 errors, 1 left on base; Baltimore (APP) 0 - Detroit (APP) 1 |
| TOP OF THE 4TH |
|
Baltimore (APP) Orioles batting - Pitching for Detroit (APP) Tigers : RHP Dave Valdez
|
|
Batting: RHB Mike Zepeda
|
0-0: Swinging Strike 0-1: Bunt missed! 0-2: Foul Ball, location: 2F 0-2: Foul Ball, location: 2F 0-2: Strikes out swinging
|
|
Batting: RHB Jeremy Sipe
|
0-0: Called Strike 0-1: Foul Ball, location: 2F 0-2: Foul Ball, location: 2F 0-2: Ball 1-2: Fly out, F8 (Flyball, 8LD, EV 102.5 MPH)
|
|
Batting: LHB Bill Ostlund
|
0-0: Fly out, F9 (Flyball, 9LM, EV 91.3 MPH)
|
| Top of the 4th over - 0 runs, 0 hits, 0 errors, 0 left on base; Baltimore (APP) 0 - Detroit (APP) 1 |
| BOTTOM OF THE 4TH |
|
Detroit (APP) Tigers batting - Pitching for Baltimore (APP) Orioles : RHP Jonathan Spicer
|
|
Batting: SHB Ross Holland
|
0-0: Called Strike 0-1: Ball 1-1: Ball 2-1: Foul Ball, location: 2F 2-2: Ball 3-2: Base on Balls
|
|
Batting: RHB Adam MacConnell
|
0-0: Fly out, F7 (Flyball, 78XD, EV 79.4 MPH)
|
|
Batting: RHB Mike Sebastian
|
0-0: Ball 1-0: Foul Ball, location: 2F 1-1: Swinging Strike 1-2: Foul Ball, location: 2F 1-2: Ball 2-2: Fielders Choice at 2nd, 4-6 (Groundball, 4, EV 90.6 MPH)
|
|
Batting: LHB Jon Pedlar
|
0-0: Swinging Strike 0-1: Ball 1-1: Called Strike Mike Sebastian steals 2nd, throwing error, E2 Mike Sebastian to third 1-2: Ball 2-2: Ball 3-2: Base on Balls
|
|
Batting: RHB Jamie Villagrana
|
0-0: Foul Ball, location: 2F 0-1: Foul Ball, location: 2F 0-2: SINGLE (Line Drive, 56D, EV 103.1 MPH) Mike Sebastian scores Jon Pedlar to second
|
|
Batting: LHB Tokugoro Adachi
|
0-0: Ball 1-0: Foul Ball, location: 2F 1-1: Swinging Strike 1-2: Strikes out looking
|
| Bottom of the 4th over - 1 run, 1 hit, 1 error, 2 left on base; Baltimore (APP) 0 - Detroit (APP) 2 |
| TOP OF THE 5TH |
|
Baltimore (APP) Orioles batting - Pitching for Detroit (APP) Tigers : RHP Dave Valdez
|
|
Batting: RHB J.J. Basil
|
0-0: Ball 1-0: Ball 2-0: Ball 3-0: Called Strike 3-1: Base on Balls
|
|
Batting: LHB Rodolfo Montes
|
0-0: Called Strike 0-1: SINGLE (Line Drive, 6MD, EV 98.8 MPH) J.J. Basil to second
|
|
Batting: RHB Fernando Bravo
|
0-0: Fielders Choice at 2nd, 5-4 (Groundball, 5, EV 82.5 MPH) J.J. Basil to third
|
|
Batting: LHB Tomas de Zeeuw
|
0-0: 3-RUN HOME RUN (Flyball, 89XD, EV 97.5 MPH), Distance : 394 ft
|
|
Batting: RHB Ioan Biros
|
0-0: Ground out 6-3 (Groundball, 6M, EV 81.3 MPH)
|
|
Batting: LHB Eric Jackson
|
0-0: Swinging Strike 0-1: Ball 1-1: Foul Ball, location: 2F 1-2: Ground out 6-3 (Groundball, 6, EV 92.5 MPH)
|
| Top of the 5th over - 3 runs, 2 hits, 0 errors, 0 left on base; Baltimore (APP) 3 - Detroit (APP) 2 |
| BOTTOM OF THE 5TH |
|
Detroit (APP) Tigers batting - Pitching for Baltimore (APP) Orioles : RHP Jonathan Spicer
|
|
Batting: LHB Bill Ford
|
0-0: Foul Ball, location: 2F 0-1: Foul Ball, location: 2F 0-2: Strikes out swinging
|
|
Batting: RHB Jon Goldstein
|
0-0: Called Strike 0-1: Called Strike 0-2: Ball 1-2: Ball 2-2: Foul Ball, location: 2F 2-2: Foul Ball, location: 2F 2-2: Ball 3-2: Base on Balls
|
|
Pitching: RHP Angel Gonzales
|
|
|
Batting: SHB Sean Foley
|
0-0: Ball 1-0: Ball 2-0: Called Strike 2-1: Fly out, F9 (Flyball, 89S, EV 82.5 MPH)
|
|
Batting: SHB Ross Holland
|
0-0: Ball 1-0: Ball 2-0: Called Strike 2-1: Called Strike 2-2: Ball Jon Goldstein steals 2nd base 3-2: Strikes out swinging
|
| Bottom of the 5th over - 0 runs, 0 hits, 0 errors, 1 left on base; Baltimore (APP) 3 - Detroit (APP) 2 |
| TOP OF THE 6TH |
|
Baltimore (APP) Orioles batting - Pitching for Detroit (APP) Tigers : RHP Dave Valdez
|
|
Batting: RHB Mike Zepeda
|
0-0: Ball 1-0: Ball 2-0: Called Strike 2-1: Fly out, F5 (Flyball, 5D, EV 90.0 MPH)
|
|
Batting: RHB Jeremy Sipe
|
0-0: Foul Ball, location: 2F 0-1: Ball 1-1: Fly out, F5 (Flyball, 5D, EV 85.0 MPH)
|
|
Batting: LHB Bill Ostlund
|
0-0: Ball 1-0: Called Strike 1-1: Foul Ball, location: 2F 1-2: Ball 2-2: Foul Ball, location: 2F 2-2: Ball 3-2: Foul Ball, location: 2F 3-2: Ground out 5-3 (Groundball, 6, EV 90.6 MPH)
|
| Top of the 6th over - 0 runs, 0 hits, 0 errors, 0 left on base; Baltimore (APP) 3 - Detroit (APP) 2 |
| BOTTOM OF THE 6TH |
|
Detroit (APP) Tigers batting - Pitching for Baltimore (APP) Orioles : RHP Angel Gonzales
|
|
Batting: RHB Adam MacConnell
|
0-0: Called Strike 0-1: Ball 1-1: Ball 2-1: Ball 3-1: Base on Balls
|
|
Batting: RHB Mike Sebastian
|
0-0: Ball 1-0: Foul Ball, location: 2F 1-1: Foul Ball, location: 2F 1-2: Ball 2-2: Foul Ball, location: 2F 2-2: Foul Ball, location: 2F 2-2: Ball 3-2: Fly out, F7 (Flyball, 78D, EV 105.6 MPH)
|
|
Batting: LHB Jon Pedlar
|
0-0: Ball Adam MacConnell steals 2nd base 1-0: Swinging Strike 1-1: Fly out, F8 (Flyball, 89XD, EV 96.3 MPH) Runner from 2nd tags up, SAFE at 3rd, no throw by CF
|
|
Batting: RHB Jamie Villagrana
|
0-0: Called Strike 0-1: Ball 1-1: Ball 2-1: Swinging Strike 2-2: Foul Ball, location: 2F 2-2: Strikes out swinging
|
| Bottom of the 6th over - 0 runs, 0 hits, 0 errors, 1 left on base; Baltimore (APP) 3 - Detroit (APP) 2 |
| TOP OF THE 7TH |
|
Baltimore (APP) Orioles batting - Pitching for Detroit (APP) Tigers : RHP Dave Valdez
|
|
Pitching: LHP Josh Sinclair
|
|
|
Batting: RHB J.J. Basil
|
0-0: Ball 1-0: Called Strike 1-1: Called Strike 1-2: Ball 2-2: Fly out, F3 (Line Drive, 3, EV 71.3 MPH)
|
|
Batting: LHB Rodolfo Montes
|
0-0: Ball 1-0: Ground out 5-3 (Groundball, 5, EV 83.8 MPH)
|
|
Batting: RHB Fernando Bravo
|
0-0: Ball 1-0: Swinging Strike 1-1: Swinging Strike 1-2: Ball 2-2: Strikes out looking
|
| Top of the 7th over - 0 runs, 0 hits, 0 errors, 0 left on base; Baltimore (APP) 3 - Detroit (APP) 2 |
| BOTTOM OF THE 7TH |
|
Detroit (APP) Tigers batting - Pitching for Baltimore (APP) Orioles : RHP Angel Gonzales
|
|
Pitching: LHP Kyle Sheridan
|
|
|
Batting: LHB Tokugoro Adachi
|
0-0: Called Strike 0-1: SOLO HOME RUN (Flyball, 9D, EV 96.9 MPH), Distance : 369 ft
|
|
Batting: LHB Bill Ford
|
0-0: Foul Ball, location: 2F 0-1: Ball 1-1: Ball 2-1: Ball 3-1: SINGLE (Groundball, P, EV 87.5 MPH) (infield hit)
|
|
Pitching: RHP Jon Grason
|
|
|
Batting: RHB Jon Goldstein
|
0-0: Called Strike Bill Ford steals 2nd base 0-1: Ball 1-1: Called Strike 1-2: Strikes out swinging
|
|
Batting: SHB Sean Foley
|
0-0: Foul Ball, location: 2F 0-1: Ball 1-1: Swinging Strike 1-2: Ball 2-2: Ball 3-2: Strikes out swinging
|
|
Batting: SHB Ross Holland
|
0-0: Ball 1-0: Ball 2-0: Called Strike 2-1: Foul Ball, location: 2F 2-2: Ball 3-2: Base on Balls
|
|
Batting: RHB Adam MacConnell
|
0-0: Called Strike 0-1: Swinging Strike 0-2: Foul Ball, location: 2F 0-2: Foul Ball, location: 2F 0-2: Ground out 6-3 (Groundball, 6MS, EV 70.0 MPH)
|
| Bottom of the 7th over - 1 run, 2 hits, 0 errors, 2 left on base; Baltimore (APP) 3 - Detroit (APP) 3 |
| TOP OF THE 8TH |
|
Baltimore (APP) Orioles batting - Pitching for Detroit (APP) Tigers : LHP Josh Sinclair
|
|
Batting: LHB Tomas de Zeeuw
|
0-0: Foul Ball, location: 2F 0-1: Ball 1-1: Fly out, F3 (Popup, 34, EV 64.4 MPH)
|
|
Batting: RHB Ioan Biros
|
0-0: Ball 1-0: Ball 2-0: Foul Ball, location: 2F 2-1: Ball 3-1: Called Strike 3-2: Base on Balls
|
|
Batting: LHB Eric Jackson
|
0-0: Swinging Strike 0-1: Foul Ball, location: 2F 0-2: Strikes out looking
|
|
Batting: RHB Mike Zepeda
|
0-0: Ball 1-0: Foul Ball, location: 2F 1-1: Foul Ball, location: 2F 1-2: Foul Ball, location: 2F 1-2: Hit by Pitch Ioan Biros to second
|
|
Batting: RHB Jeremy Sipe
|
0-0: Ball 1-0: Ball 2-0: Called Strike 2-1: Ball 3-1: Base on Balls Ioan Biros to third Mike Zepeda to second
|
|
Batting: LHB Bill Ostlund
|
0-0: Foul Ball, location: 2F 0-1: Foul Ball, location: 2F 0-2: Fielders Choice at 2nd, 6-4 (Groundball, 4M, EV 85.6 MPH)
|
| Top of the 8th over - 0 runs, 0 hits, 0 errors, 3 left on base; Baltimore (APP) 3 - Detroit (APP) 3 |
| BOTTOM OF THE 8TH |
|
Detroit (APP) Tigers batting - Pitching for Baltimore (APP) Orioles : RHP Jon Grason
|
|
Pitching: LHP Freddy Gutierrez
|
|
|
Batting: RHB Mike Sebastian
|
0-0: SINGLE (Flyball, 89S, EV 93.1 MPH)
|
|
Batting: LHB Jon Pedlar
|
0-0: Called Strike 0-1: Ball 1-1: Ground out 6-3 (Groundball, 6S, EV 76.3 MPH) Mike Sebastian to second
|
|
Batting: RHB Jamie Villagrana
|
0-0: Intentional Walk
|
|
Batting: LHB Tokugoro Adachi
|
0-0: Grounds into double play, 4-6-3 (Groundball, 4, EV 79.4 MPH)
|
| Bottom of the 8th over - 0 runs, 1 hit, 0 errors, 1 left on base; Baltimore (APP) 3 - Detroit (APP) 3 |
| TOP OF THE 9TH |
|
Baltimore (APP) Orioles batting - Pitching for Detroit (APP) Tigers : LHP Josh Sinclair
|
|
Pitching: RHP Kyle Moore
|
|
|
Batting: RHB J.J. Basil
|
0-0: Ball 1-0: SINGLE (Groundball, 25, EV 69.4 MPH) (infield hit)
|
|
Batting: LHB Rodolfo Montes
|
0-0: Sac Bunt to 25 - play at first, batter OUT! 5-4 J.J. Basil to second
|
|
Pinch Hitting: LHB Justin Alworth
|
0-0: Intentional Walk
|
|
Batting: LHB Tomas de Zeeuw
|
0-0: Ball 1-0: Grounds into double play, 6-4-3 (Groundball, 6, EV 107.5 MPH)
|
| Top of the 9th over - 0 runs, 1 hit, 0 errors, 1 left on base; Baltimore (APP) 3 - Detroit (APP) 3 |
| BOTTOM OF THE 9TH |
|
Detroit (APP) Tigers batting - Pitching for Baltimore (APP) Orioles : LHP Freddy Gutierrez
|
|
Now at 1B: Matt O'Dea
|
|
|
Now at SS: Jeremy Sipe
|
|
|
Batting: LHB Bill Ford
|
0-0: Ball 1-0: Ball 2-0: Ball 3-0: Called Strike 3-1: DOUBLE (Line Drive, 8RXD, EV 102.5 MPH)
|
|
Batting: RHB Jon Goldstein
|
0-0: Ball 1-0: Ball 2-0: Swinging Strike 2-1: Ball 3-1: Called Strike 3-2: Foul Ball, location: 2F 3-2: Strikes out looking
|
|
Batting: SHB Sean Foley
|
0-0: Called Strike 0-1: Foul Ball, location: 2F 0-2: Strikes out looking
|
|
Batting: SHB Ross Holland
|
0-0: Called Strike 0-1: SINGLE (Line Drive, 7S, EV 111.9 MPH) Bill Ford to third Runner from 3rd tries for Home, throw by LF and OUT! 7-2
|
| Bottom of the 9th over - 0 runs, 2 hits, 0 errors, 1 left on base; Baltimore (APP) 3 - Detroit (APP) 3 |
| TOP OF THE 10TH |
|
Baltimore (APP) Orioles batting - Pitching for Detroit (APP) Tigers : RHP Kyle Moore
|
|
Pinch Hitting: LHB Antonio Cantu
|
0-0: Foul Ball, location: 2F 0-1: Swinging Strike 0-2: Ground out 6-3 (Groundball, 6, EV 89.4 MPH)
|
|
Batting: LHB Eric Jackson
|
0-0: Ball 1-0: Foul Ball, location: 2F 1-1: Ground out 6-3 (Groundball, 6S, EV 88.8 MPH)
|
|
Batting: RHB Mike Zepeda
|
0-0: Ball 1-0: Ball 2-0: SOLO HOME RUN (Flyball, 89XD, EV 90.0 MPH) (Inside the Park)
|
|
Batting: RHB Jeremy Sipe
|
0-0: Called Strike 0-1: Foul Ball, location: 2F 0-2: SINGLE (Line Drive, 89M, EV 93.8 MPH)
|
|
Batting: LHB Bill Ostlund
|
0-0: Called Strike Jeremy Sipe steals 2nd base 0-1: Ball 1-1: Foul Ball, location: 2F 1-2: Ball 2-2: Ball 3-2: Base on Balls
|
|
Batting: RHB J.J. Basil
|
0-0: Ball 1-0: Ball 2-0: Ball 3-0: Base on Balls Jeremy Sipe to third Bill Ostlund to second
|
|
Batting: LHB Rodolfo Montes
|
0-0: Called Strike 0-1: Ball 1-1: Ball 2-1: Ball 3-1: Called Strike 3-2: Foul Ball, location: 2F 3-2: Foul Ball, location: 2F 3-2: Ground out U3 (Groundball, 34, EV 100.0 MPH)
|
| Top of the 10th over - 1 run, 2 hits, 0 errors, 3 left on base; Baltimore (APP) 4 - Detroit (APP) 3 |
| BOTTOM OF THE 10TH |
|
Detroit (APP) Tigers batting - Pitching for Baltimore (APP) Orioles : LHP Freddy Gutierrez
|
|
Pitching: RHP Chris Kimura
|
|
|
Now at C: Bobby White
|
|
|
Batting: RHB Adam MacConnell
|
0-0: Ball 1-0: Called Strike 1-1: Foul Ball, location: 2F 1-2: Ball 2-2: SINGLE (Groundball, 34D, EV 104.4 MPH)
|
|
Batting: RHB Mike Sebastian
|
0-0: Bunted foul 0-1: Sac Bunt to 13S - play at first, batter safe! Adam MacConnell to second
|
|
Batting: LHB Jon Pedlar
|
0-0: Ball 1-0: Grounds into double play, 3-6-3 (Groundball, 3, EV 83.8 MPH) Adam MacConnell to third
|
|
Batting: RHB Jamie Villagrana
|
0-0: Foul Ball, location: 2F 0-1: Foul Ball, location: 2F 0-2: Ball 1-2: Ball 2-2: Ball 3-2: Fly out, F8 (Flyball, 8LM, EV 95.6 MPH)
|
| Bottom of the 10th over - 0 runs, 2 hits, 0 errors, 1 left on base; Baltimore (APP) 4 - Detroit (APP) 3 |
|